 Dungeon Crawl Stone Soup version 0.28.0-53-g5a82cb258f (webtiles) character file.

Game seed: 777145583498429608

555 Tirrikindir the Slasher (level 7, -1/48 HPs)
             Began as an Octopode Fighter on Aug 18, 2022.
             Slain by an orc wizard
             ... wielding a +0 dagger
              (3 damage)
             ... on level 5 of the Dungeon.
             The game lasted 00:09:13 (3946 turns).

Tirrikindir the Slasher (Octopode Fighter)          Turns: 3946, Time: 00:09:13

Health: -1/48      AC:  1    Str: 16    XL:     7   Next: 30%
Magic:  7/7        EV: 14    Int: 10    God:
Gold:   185        SH:  5    Dex: 13    Spells: 6/6 levels left

rFire   . . .      SeeInvis .   a - +0 long sword
rCold   . . .      Faith    .   b - +0 buckler
rNeg    . . .      Spirit   .   (helmet restricted)
rPois   .          Reflect  .   (no amulet)
rElec   .          Harm     .   (no ring)
rCorr   .          Rampage  .   (no ring)
Will    .....                   (no ring)
Stlth   +++.......              (no ring)
HPRegen 0.16/turn               (no ring)
MPRegen 0.10/turn               (no ring)
                                (no ring)
                                (no ring)

@: mighty
A: almost no armour, amphibious, 8 rings, camouflage 1, gelatinous body 1,
(nimble swimmer 1), tentacles
a: no special abilities


You were on level 5 of the Dungeon.
You visited 1 branch of the dungeon, and saw 5 of its levels.

You collected 276 gold pieces.
You spent 91 gold pieces at shops.

Inventory:

Hand Weapons
 a - a +0 long sword (weapon)
Missiles
 c - 6 poisoned darts (quivered)
Armour
 b - a +0 buckler (worn)
Wands
 d - a wand of acid (5)
 e - a wand of iceblast (9)
 p - a wand of flame (13)
Scrolls
 f - a scroll of fear
 i - a scroll of amnesia
 l - a scroll of teleportation
 q - a scroll of enchant weapon {unknown}
 r - a scroll of blinking {unknown}
Potions
 g - a potion of flight
 h - a potion of haste
 k - a potion of magic
 m - a potion of ambrosia {unknown}
 n - a potion of attraction {unknown}


   Skills:
 - Level 4.0 Fighting
 * Level 4.7 Long Blades
 + Level 1.7 Throwing
 - Level 4.0 Dodging
 + Level 3.7 Stealth
 - Level 4.0 Shields
 + Level 1.7 Evocations


You had 6 spell levels left.
You didn't know any spells.
Your spell library contained the following spells:

 Spells                   Type           Power      Damage    Failure   Level
 Blink                    Tloc           0%         N/A       58%         2
 Gell's Gravitas          Tloc           0%         N/A       82%         3
 Lesser Beckoning         Tloc           0%         N/A       82%         3
 Teleport Other           Tloc           0%         N/A       82%         3
 Manifold Assault         Tloc           0%         N/A       100%        5


Dungeon Overview and Level Annotations

Branches:
Dungeon (5/15)
 Temple: D:4-7

Altars:
Cheibriados
Elyvilon
Uskayaw
Vehumet

Shops:
D:1 :*!


Innate Abilities, Weirdness & Mutations

You cannot wear most types of armour.
You are amphibious.
You can wear up to eight rings at the same time.
Your skin changes colour to match your surroundings (Stealth+).
Your rubbery body absorbs attacks. (AC +1, EV +1)
((You are camouflaged when in or above water. (Stealth+)))
You have tentacles for arms and can constrict up to eight enemies at once.


Message History

The orc wizard casts a spell at you. The magic dart hits you!
The orc closely misses you.
You bump into the rock wall.
The orc priest calls down the wrath of Beogh upon you.
Beogh smites you! The orc closely misses you.
The orc wizard gestures wildly while chanting.
The orc wizard flickers and vanishes!
You bump into the rock wall.
You hear some strange, mumbled words.
A puff of flame appears from out of thin air!
The puff of flame hits you! The orc closely misses you.
You bump into the rock wall.
Something hits you.
* * * LOW HITPOINT WARNING * * *
The orc hits you but does no damage.
You feel better.
You feel very mighty all of a sudden. The orc barely misses you.
The orc misses you.
You slash the orc!
You kill the orc!
The orc hits you with a +0 falchion of freezing.
The orc freezes you.
* * * LOW HITPOINT WARNING * * *
Something hits you.
* * * LOW HITPOINT WARNING * * *
A magic dart appears from out of thin air!
The magic dart hits something.
You see here a +0 dagger.
You hit the orc priest. Your grab misses the orc priest.
The orc priest is moderately wounded.
The orc priest barely misses you. You block the orc's attack.
You barely miss the orc priest. Your grab misses the orc priest.
You tentacle-slap the orc priest!
The orc priest is severely wounded.
You hear some strange, mumbled words.
A puff of flame appears from out of thin air!
The puff of flame hits you!
* * * LOW HITPOINT WARNING * * *
The orc priest barely misses you. The orc completely misses you.
Something hits you.
You die...

..#.# ##'## #.#.#
##...## #.#.#
##.....## ....##
##.......##
#....####.........#
#.......+.........+
#....# #.........#
#{#o# ##..[....##
#o@# ##.....###
##.# ##....... #.#
##.##### #.# #.# #
#.# #.##### #.#
######...... ##.##
#.......#.##
##...##
#.##..<...##
#.....#
#.###..[....


You could see an orc priest and an orc.

Vanquished Creatures
  Grinder (D:3)
  A sky beast (D:4)
  A phantom (D:3)
  Ijyb (D:3)
  Robin (D:3)
  6 adders
  3 worms
  A dart slug (D:1)
  8 orcs
  3 ball pythons
  3 bats
  9 endoplasms
  4 giant cockroaches
  12 goblins
  8 hobgoblins
  7 quokkas
  4 frilled lizards
  7 kobolds
  3 rats
83 creatures vanquished.

Notes
Turn   | Place    | Note
-------+----------+-------------------------------------------
     0 | D:1      | Tirrikindir the Octopode Fighter began the quest for the
                  | Orb.
     0 | D:1      | Reached XP level 1. HP: 16/16 MP: 1/1
   286 | D:1      | Found Sais's Distillery.
   294 | D:1      | Found Gudusm's Book Emporium.
   295 | D:1      | You fall into a shaft and drop 1 floor!
   301 | D:2      | Reached skill level 1 in Stealth
   301 | D:2      | Reached XP level 2. HP: 12/21 MP: 2/2
   705 | D:1      | Reached XP level 3. HP: 26/26 MP: 3/3
   884 | D:1      | Found Riehe's Assorted Antiques.
   892 | D:1      | Bought a silvery potion for 22 gold pieces
   892 | D:1      | Bought a scroll labelled ENKUAC IXIRR for 25 gold pieces
   892 | D:1      | Bought an orange potion for 22 gold pieces
   892 | D:1      | Bought a golden potion for 22 gold pieces
  1169 | D:2      | Found a radiant altar of Vehumet.
  1237 | D:2      | Found a faded altar of an unknown god.
  1471 | D:2      | Reached XP level 4. HP: 31/31 MP: 4/4
  1722 | D:3      | Noticed Robin
  1732 | D:3      | Killed Robin
  1735 | D:3      | HP: 1/31 [goblin/+0 club[Robin] (7)]
  2283 | D:3      | Noticed a phantom
  2289 | D:3      | Killed a phantom
  2290 | D:3      | Reached XP level 5. HP: 37/37 MP: 5/5
  2298 | D:3      | Noticed Ijyb
  2310 | D:3      | Killed Ijyb
  2485 | D:3      | Found a snail-covered altar of Cheibriados.
  2494 | D:3      | Reached XP level 6. HP: 38/43 MP: 6/6
  2792 | D:3      | Noticed Grinder
  2799 | D:3      | Killed Grinder
  2800 | D:3      | Reached skill level 1 in Throwing
  2800 | D:3      | Reached skill level 1 in Evocations
  3080 | D:3      | Found a white marble altar of Elyvilon.
  3178 | D:4      | Noticed a sky beast
  3187 | D:4      | Killed a sky beast
  3188 | D:4      | Reached XP level 7. HP: 18/48 MP: 7/7
  3530 | D:4      | Found a hide-covered altar of Uskayaw.
  3887 | D:5      | Entered Level 5 of the Dungeon
  3946 | D:5      | HP: 2/48 [something/puff of flame (10)]
  3946 | D:5      | Slain by an orc wizard

Illustrated notes

Levels and vault maps discovered:
D:1:      shiori_arrival_elements, layout_rooms, serial_shops,
          nicolae_shop_waterfront, shop_coins, nicolae_lakefront_shop,
          roderic_malta_cross, minivault_26
D:2:      layout_basic, hellmonk_ecumenical_altar_zigzags, basic_altar,
          minmay_bisected
D:3:      layout_rooms, elyvilon_altar_3, cheibriados_altar_1,
          grunt_decor_one_mirror, wander_ebering_terrifying_dragon_lair,
          uniq_robin, uniq_grinder, uniq_ijyb
D:4:      layout_gridville, nicolae_uskayaw_suspiria
D:5:      layout_loops_corners, grunt_temple_overflow_diamond,
          uniq_blork_the_orc

Skill      XL: |  1  2  3  4  5  6 |
---------------+-------------------+-----
Stealth        | 1 2 3 |  3.7
Long Blades    | 3 4 |  4.7
Fighting       | 4 |  4.0
Throwing       | 1 |  1.7
Dodging        | 4 |  4.0
Shields        | 4 |  4.0
Evocations     | 1 |  1.7

Action                   |  1- 3 |  4- 6 |  7- 9 || total
-------------------------+-------+-------+-------++-------
Melee: Long sword        |    49 |    78 |    25 ||   152
       Constrict         |    12 |    20 |     6 ||    38
       Tentacles         |    12 |    20 |     4 ||    36
       Punch             |     1 |     2 |     2 ||     5
Throw: Dart              |       |     2 |       ||     2
Evoke: Wand              |       |     1 |       ||     1
  Use: Scroll            |     5 |     1 |     2 ||     8
       Potion            |       |     3 |     3 ||     6
 Stab: Sleeping          |     4 |     6 |     5 ||    15
Armor: Skin              |     2 |     7 |     1 ||    10
Dodge: Dodged            |    29 |    28 |    17 ||    74
Block: Buckler           |    11 |    20 |     2 ||    33
